 Dungeon Crawl Stone Soup version 0.26-a0-854-gdc81c2f471 (webtiles) character file.

Game seed: 16277672559816261043

3765 Peloso the Carver (level 9, -9/81 HPs)
             Began as a Minotaur Fighter on Nov 24, 2020.
             Was a Believer of Okawaru.
             Mangled by a two-headed ogre
             ... wielding a +0 giant club
              (20 damage)
             ... on level 9 of the Dungeon.
             The game lasted 00:16:02 (9569 turns).

Peloso the Carver (Minotaur Fighter)                Turns: 9569, Time: 00:16:03

Health: -9/81      AC: 16    Str: 23    XL:     9   Next: 94%
Magic:  6/8        EV: 10    Int:  5    God:    Okawaru [**....]
Gold:   458        SH: 13    Dex: 11    Spells: 8/8 levels left

rFire    . . .     SeeInvis .   a - +0 long sword
rCold    . . .     Faith    .   c - +0 kite shield
rNeg     . . .     Spirit   .   y - +0 plate armour
rPois    +         Reflect  .   (helmet restricted)
rElec    .         Harm     .   (no cloak)
rCorr    +         Rampage  .   (no gloves)
MR       .....                  (no boots)
Stlth    ..........             p - amulet of the acrobat
HPRegen  0.23/turn              x - ring of resist corrosion
MPRegen  0.11/turn              f - ring of poison resistance

@: heroism
A: retaliatory headbutt, horns 2
a: Heroism, Renounce Religion


You were on level 9 of the Dungeon.
You worshipped Okawaru.
Okawaru was pleased with you.
You visited 2 branches of the dungeon, and saw 10 of its levels.
You also visited: Sewer.

You collected 458 gold pieces.

Inventory:

Hand Weapons
 a - a +0 long sword (weapon)
Armour
 b - a +0 scale mail
 c - a +0 kite shield (worn)
 t - a +0 chain mail
 y - a +0 plate armour (worn)
Jewellery
 f - a ring of poison resistance (right hand)
 h - an uncursed amulet of magic regeneration
 k - a +6 ring of intelligence
 p - an amulet of the acrobat (around neck)
 q - an uncursed ring of ice
 u - a cursed -4 ring of intelligence
 x - a ring of resist corrosion (left hand)
 z - a cursed ring of attention {unknown}
 D - a cursed ring of teleportation {unknown}
Wands
 j - a wand of digging (4)
 w - a wand of iceblast (6)
 E - a wand of flame (1)
Scrolls
 e - 6 scrolls of teleportation
 i - 5 scrolls of identify
 n - 3 scrolls of remove curse
 r - a scroll of random uselessness {unknown}
 s - a scroll of blinking {unknown}
 v - 2 scrolls of magic mapping
 B - 2 scrolls of enchant armour {unknown}
Potions
 d - a potion of might
 g - 2 potions of flight
 l - 3 potions of invisibility
 m - 3 potions of haste
 A - 2 potions of curing
 C - a potion of brilliance {unknown}


   Skills:
 + Level 8.1(13.1) Fighting
 + Level 10.4(15.4) Long Blades
 + Level 8.8(13.8) Armour
 + Level 2.4(7.4) Dodging
 + Level 0.6(5.6) Stealth
 + Level 8.6(13.6) Shields
 + Level 0.2 Invocations


You had 8 spell levels left.
You didn't know any spells.
Your spell library was empty.

Dungeon Overview and Level Annotations

Branches:
Dungeon (9/15)             Temple (1/1) D:6           Sewer (visited)
   Lair: D:8-11         Orc: D:9-12

Altars:
Ashenzari
Cheibriados
Dithmenos
Elyvilon
Fedhas
Gozag
Hepliaklqana
Kikubaaqudgha
Makhleb
Nemelex Xobeh
Okawaru
Qazlal
Ru
Sif Muna
Trog
Uskayaw
Vehumet
Wu Jian
Xom
Yredelemnul
Zin
The Shining One

Shops:
D:4 [   D:7 [   D:8 *


Innate Abilities, Weirdness & Mutations

You reflexively headbutt those who attack you in melee.
You have a pair of horns on your head.


Message History

Your shield prevents you from hitting the two-headed ogre.
The two-headed ogre is heavily wounded.
You hit the two-headed ogre. You headbutt the two-headed ogre!!
The two-headed ogre is almost dead.
You block the two-headed ogre's attack.
The two-headed ogre hits you with a +0 giant spiked club.
You barely miss the two-headed ogre.
The two-headed ogre is almost dead.
You hit the two-headed ogre.
The two-headed ogre is almost dead.
The two-headed ogre hits you with a +0 giant club!
* * * LOW HITPOINT WARNING * * *
The two-headed ogre hits you with a +0 giant spiked club!
* * * LOW HITPOINT WARNING * * *
You barely miss the two-headed ogre.
The two-headed ogre is almost dead.
You hit the two-headed ogre.
The two-headed ogre is almost dead.
The two-headed ogre hits you with a +0 giant club!!
You die...

#.##.# .....
##..:# ### .....
+.. ...# ## ##
..# #.##O# ## ##
#.#@# #. #.###..#
#+# #. #.#.#.##
#.# #.
#.#.#.#######.#
#.
#..###......#.##
#.
#.#.#.#####....##
## #.##.##
#.....# #. #.#
##....###### #.
#.# #.#.........


You could see a two-headed ogre.

Vanquished Creatures
  Prince Ribbit (D:7)
  6 yaks
  A phantom (D:5)
  3 ice beasts
  2 orc warriors
  2 ogres
  2 centaurs (D:7)
  5 bullfrogs
  A water moccasin skeleton (D:5)
  A scorpion (D:4)
  7 killer bees (D:8)
  A bullfrog zombie (D:6)
  A crimson imp (D:8)
  2 hounds
  4 jellies
  4 orc priests
  Jessica (D:2)
  An iguana (D:4)
  Natasha (twice) (D:2)
  Terence (D:3)
  9 worker ants
  A killer bee zombie (D:6)
  11 gnolls
  A howler monkey skeleton (D:4)
  12 adders
  A river rat (D:4)
  2 shadow imps
  A white imp (D:8)
  2 oozes
  An adder skeleton (D:8)
  5 worms
  2 dart slugs
  7 leopard geckos
  11 orcs
  6 bats
  8 giant cockroaches
  7 goblins
  5 hobgoblins (D:1)
  7 jackals
  8 kobolds
  6 quokkas
  2 ball pythons
  11 frilled lizards
  13 rats
187 creatures vanquished.

Vanquished Creatures (others)
  3 plants (D:3)
3 creatures vanquished.

Grand Total: 190 creatures vanquished

Notes
Turn   | Place    | Note
-------+----------+-------------------------------------------
     0 | D:1      | Peloso the Minotaur Fighter began the quest for the Orb.
     0 | D:1      | Reached XP level 1. HP: 19/19 MP: 0/0
   156 | D:1      | Reached XP level 2. HP: 21/27 MP: 1/1
   615 | D:1      | Reached skill level 3 in Long Blades
   659 | D:1      | Reached XP level 3. HP: 29/33 MP: 2/2
   951 | D:2      | Noticed Jessica
   985 | D:2      | Killed Jessica
  1259 | D:2      | Found an ornate altar of the Wu Jian Council.
  1266 | D:2      | Reached XP level 4. HP: 40/40 MP: 3/3
  1597 | D:2      | Noticed Natasha
  1599 | D:2      | Reached skill level 4 in Long Blades
  1611 | D:2      | Killed Natasha
  1619 | D:2      | Reached XP level 5. HP: 29/46 MP: 4/4
  2083 | D:2      | Noticed Natasha
  2091 | D:2      | Killed Natasha
  2537 | D:3      | Noticed Terence
  2551 | D:3      | Killed Terence
  2552 | D:3      | Reached skill level 5 in Armour
  2621 | D:3      | Found a shimmering altar of Xom.
  2675 | D:3      | Found a faded altar of an unknown god.
  2757 | D:3      | Found a hide-covered altar of Uskayaw.
  2757 | D:3      | Noticed a +0 dagger
  2757 | D:3      | Noticed a +0 hand axe
  2790 | D:3      | Noticed an ice beast
  2802 | D:3      | Killed an ice beast
  2803 | D:3      | Reached skill level 5 in Long Blades
  2803 | D:3      | Reached skill level 5 in Shields
  2803 | D:3      | Reached XP level 6. HP: 46/53 MP: 5/5
  3203 | D:3      | Found an opulent altar of Gozag.
  3203 | D:3      | Found a glowing silver altar of Zin.
  3204 | D:3      | Found a shimmering blue altar of Sif Muna.
  3499 | D:4      | Found a glowing drain.
  3542 | Sewer    | Entered a sewer
  3837 | Sewer    | Reached skill level 5 in Fighting
  3967 | Sewer    | Reached skill level 6 in Long Blades
  3967 | Sewer    | Reached XP level 7. HP: 56/61 MP: 6/6
  4376 | D:4      | Found Nyur's Armour Shop.
  4385 | D:4      | Reached skill level 1 in Dodging
  4464 | D:4      | Noticed a moth of wrath
  4541 | D:4      | Found a bloodstained altar of Trog.
  4653 | D:4      | Found a white marble altar of Elyvilon.
  5020 | D:5      | Entered Level 5 of the Dungeon
  5096 | D:5      | Reached skill level 7 in Long Blades
  5151 | D:5      | Reached XP level 8. HP: 35/70 MP: 7/7
  5533 | D:6      | Found a staircase to the Ecumenical Temple.
  5585 | Temple   | Entered the Ecumenical Temple
  5623 | Temple   | Became a worshipper of Warmaster Okawaru
  6483 | D:6      | Found a shadowy altar of Dithmenos.
  6567 | D:6      | Found a sparkling altar of Nemelex Xobeh.
  6845 | D:7      | Found a stormy altar of Qazlal.
  6847 | D:7      | Noticed an air elemental
  6869 | D:7      | Noticed Prince Ribbit
  6887 | D:7      | Killed Prince Ribbit
  6887 | D:7      | Reached * piety under Okawaru
  6888 | D:7      | Reached skill level 8 in Long Blades
  7266 | D:7      | Found Oshramopa's Antique Armour Boutique.
  7405 | D:7      | Found a sacrificial altar of Ru.
  7649 | D:8      | Reached skill level 9 in Long Blades
  7649 | D:8      | Reached XP level 9. HP: 64/78 MP: 8/8
  7976 | D:7      | Reached skill level 10 in Long Blades
  8218 | D:8      | Reached ** piety under Okawaru
  8489 | D:8      | Found Ceschez's General Store.
  9306 | D:8      | Found a radiant altar of Vehumet.
  9307 | D:8      | Found a burning altar of Makhleb.
  9547 | D:9      | Noticed a two-headed ogre
  9569 | D:9      | Mangled by a two-headed ogre

Illustrated notes

Levels and vault maps discovered:
D:1:      saegor_arrival_simple_e, layout_loops_ring
D:2:      layout_loops_cross, old_standard_altar, serial_bayou_pond_e,
          chequers_serial_rivers_room_a, uniq_jessica, uniq_natasha
D:3:      layout_basic, overflow_temple_1_default, dancing_weapons_uskayaw,
          gammafunk_temple_overflow_forgotten, chequers_ecumenical_altar_island,
          serial_bayou_lagoon_a, uniq_terence
D:4:      layout_loops_ring, tgw_trog, lemuel_doored_altar,
          portal_sewer_entry_a, serial_shops, shop
D:5:      cheibrodos_two_vegetables, layout_loops_ring,
          gammafunk_ghost_abyssal_escape, serial_shops, shop,
          kennysheep_generic_room_16
D:6:      cheibrodos_quashed, layout_layer_cave, nicolae_dithmenos_the_darkroom,
          general_overflow_altar, minmay_temple_entry_hall
D:7:      layout_basic, nicolae_qazlal_style_of_elements, serial_shops,
          shop_fountains, nicolae_ru_path_of_blood, uniq_prince_ribbit1
D:8:      minmay_spotlight, layout_cave_pools,
          grunt_temple_overflow_lords_of_destruction, serial_shops,
          nicolae_shop_crystal
D:9:      layout_loops_corners, serial_shops, shop, uniq_psyche
Temple:   jpeg_temple_island

Skill      XL: |  1  2  3  4  5  6  7  8  9 |
---------------+----------------------------+-----
Shields        | 4 5 6 7 8 |  8.6
Long Blades    | 3 4 5 6 7 9 10 | 10.4
Fighting       | 4 5 6 8 |  8.1
Armour         | 4 5 6 7 8 |  8.8
Dodging        | 1 2 |  2.4
Stealth        | |  0.6
Invocations    | |  0.2

Action                   |  1- 3 |  4- 6 |  7- 9 || total
-------------------------+-------+-------+-------++-------
Melee: Long sword        |    72 |   162 |   370 ||   604
       Headbutt          |     6 |    27 |    73 ||   106
Invok: Heroism           |       |       |     5 ||     5
  Use: Potion            |     4 |     1 |     3 ||     8
       Scroll            |       |     5 |     2 ||     7
Armor: Scale mail        |    24 |    54 |    23 ||   101
       Chain mail        |       |       |    33 ||    33
       Plate armour      |       |       |    41 ||    41
Dodge: Dodged            |    18 |    51 |   106 ||   175
Block: Kite shield       |    46 |    81 |   197 ||   324
       Rpst.: Long sword |     3 |    10 |    29 ||    42

Table legend: (Time is in decaauts)
 A = Elapsed time spent in this place.
 B = Non-inter-level travel time spent in this place.
 C = Inter-level travel time spent in this place.
 D = Time resting spent in this place.
 E = Time spent auto-exploring this place.
 F = Levels seen in this place.
 G = Mean time per level.
                   A        B        C        D        E       F      G
               +--------+--------+--------+--------+--------+-----+--------+
         Total |   9770 |   9495 |    275 |    841 |   6696 |  11 |  888.2 |
       Dungeon |   8870 |   8629 |    241 |    841 |   6094 |   9 |  985.6 |
        Temple |     76 |     42 |     34 |      0 |     29 |   1 |   76.0 |
         Sewer |    822 |    822 |      0 |      0 |    572 |   1 |  822.0 |
               +--------+--------+--------+--------+--------+-----+--------+

Top non-repeatable levels by time:
     D:2: 1523 daAuts
     D:7: 1332 daAuts
     D:6: 1316 daAuts
     D:8: 1188 daAuts
     D:3: 1040 daAuts
     D:1: 937 daAuts
     D:4: 877 daAuts
   Sewer: 822 daAuts
     D:5: 435 daAuts
     D:9: 219 daAuts
  Temple: 76 daAuts
